 Seeded DCSS version 0.24.0 (webtiles) character file.

Game seed: 1234, levelgen mode: deterministic

620 BigChef the Insei (level 7, -1/44 HPs)
             Began as a Gargoyle Monk on Feb 4, 2020.
             Was a Believer of the Shining One.
             Slain by an ogre
             ... wielding a +0 giant club
              (13 damage)
             ... on level 4 of the Dungeon.
             The game lasted 00:08:19 (3858 turns).

BigChef the Insei (Gargoyle Monk)                   Turns: 3858, Time: 00:08:19

Health: -1/44      AC:  6    Str: 14    XL:     7   Next: 46%
Magic:  7/7        EV: 14    Int: 11    God:    the Shining One [**....]
Gold:   245        SH:  0    Dex: 14    Spells: 6/6 levels left

rFire    . . .     SeeInvis .     - Unarmed
rCold    . . .     Gourm    .   (no shield)
rNeg     + + +     Faith    .   a - +0 robe
rPois    ∞         Spirit   .   (no helmet)
rElec    +         Reflect  .   (no cloak)
rCorr    .         Harm     .   (no gloves)
MR       .....                  (no boots)
Stlth    +.........             (no amulet)
HPRegen  0.14/turn              l - ring of positive energy
MPRegen  0.10/turn              (no ring)

@: glowing
A: negative energy resistance 1, electricity resistance, unbreathing,
petrification resistance, rot immunity, AC +4
a: Divine Shield, Renounce Religion


You were on level 4 of the Dungeon.
You worshipped the Shining One.
The Shining One was pleased with you.
You were not hungry.

You visited 1 branch of the dungeon, and saw 5 of its levels.

You collected 245 gold pieces.

Inventory:

Armour
 a - a +0 robe (worn)
Jewellery
 l - a ring of positive energy (left hand)
Wands
 d - a wand of polymorph (8)
Scrolls
 c - a scroll of magic mapping
 e - 2 scrolls of remove curse
 f - a scroll of teleportation
 j - a scroll of enchant weapon
Potions
 p - 2 potions of haste
Comestibles
 b - 11 rations


   Skills:
 + Level 4.4 Fighting
 + Level 4.0 Dodging
 + Level 3.5 Stealth
 + Level 6.4 Unarmed Combat


You had 6 spell levels left.
You didn't know any spells.
Your spell library contained the following spells:

 Spells                   Type           Power        Failure   Level  Hunger
 Animate Skeleton         Necr           N/A          34%         1    ##.....
 Apportation              Tloc           #.....       34%         1    ##.....
 Confusing Touch          Hex            #.....       34%         1    ##.....
 Summon Small Mammal      Summ           #...         34%         1    ##.....


Dungeon Overview and Level Annotations

Branches:
Dungeon (5/15)
 Temple: D:4-7

Altars:
Gozag
Trog
Vehumet
Xom
The Shining One

Shops:
D:5 :


Innate Abilities, Weirdness & Mutations

You are resistant to torment.
Your stone body is resilient. (AC +4)
You are immune to poison.
You resist negative energy. (rN+)
You are resistant to electric shocks. (rElec)
You can survive without breathing.
You are immune to petrification.
You are immune to rotting.


Message History

The phantom blinks!
You climb upwards.
There is a stone staircase leading down here.
You hit the ogre but do no damage. The ogre hits you with a +0 giant club!
* * * LOW HITPOINT WARNING * * *
Things that are here:
a +0 robe; a +0 scythe
Things that are here:
a +0 robe; a +0 scythe
Things that are here:
a +0 robe; a +0 scythe The ogre barely misses you.
Things that are here:
a +0 robe; a +0 scythe
Things that are here:
a +0 robe; a +0 scythe The ogre hits you with a +0 giant club!
* * * LOW HITPOINT WARNING * * *
The ogre hits you with a +0 giant club!
You die...

##....#................#.....#...
##....#................#.....#..<
......#...[............#.....#...
####......#..######...########...
####......###)...########....#...
#....###..##......#....#.....####
#.##.###..##......#....'.....'...
#.#...##........^.#....#.....#...
...._......#...O@.'....#.....#...
.##...#.##.######################
.###.##.##.# .###....##.#
.....#####.# .....#####.#
####.......# #########


You could see an ogre.

Vanquished Creatures
  Sigmund (D:4)
  A scorpion (D:4)
  4 crimson imps (D:4)
  4 orc wizards (D:4)
  An orc priest (D:4)
  A worker ant (D:4)
  3 adders (D:4)
  An adder zombie (D:4)
  3 worms
  A dart slug (D:1)
  2 leopard geckos
  An orc (D:4)
  2 bats
  3 giant cockroaches
  6 hobgoblins
  7 jackals
  5 kobolds
  A frilled lizard (D:3)
  4 goblins
  9 rats
60 creatures vanquished.

Vanquished Creatures (others)
  An orc wizard (D:4)
1 creature vanquished.

Grand Total: 61 creatures vanquished

Notes
Turn   | Place    | Note
-------+----------+-------------------------------------------
     0 | D:1      | BigChef the Gargoyle Monk began the quest for the Orb.
     0 | D:1      | Reached XP level 1. HP: 14/14 MP: 1/1
   168 | D:1      | Reached XP level 2. HP: 18/19 MP: 2/2
   635 | D:2      | Reached XP level 3. HP: 23/23 MP: 3/3
   811 | D:2      | Found an opulent altar of Gozag.
   885 | D:2      | You fall into a shaft and drop 1 floor!
  1106 | D:3      | Found a glowing golden altar of the Shining One.
  1121 | D:3      | Became a worshipper of the Shining One
  1121 | D:3      | Reached * piety under the Shining One
  1121 | D:3      | Reached ** piety under the Shining One
  1222 | D:3      | Found a bloodstained altar of Trog.
  1757 | D:4      | Found a radiant altar of Vehumet.
  1779 | D:4      | Noticed Sigmund
  1796 | D:4      | Killed Sigmund
  1796 | D:4      | Reached skill level 5 in Unarmed Combat
  1796 | D:4      | Reached XP level 4. HP: 14/29 MP: 4/4
  1796 | D:4      | Reached XP level 5. HP: 16/33 MP: 5/5
  1982 | D:4      | Reached XP level 6. HP: 23/38 MP: 6/6
  2003 | D:4      | HP: 1/38 [orc wizard/magic dart (3)]
  2004 | D:4      | The Shining One protects you from harm!
  2638 | D:4      | Found a shimmering altar of Xom.
  2712 | D:4      | Reached XP level 7. HP: 21/43 MP: 7/7
  2814 | D:4      | Reached skill level 6 in Unarmed Combat
  3237 | D:5      | Entered Level 5 of the Dungeon
  3252 | D:5      | Found Tauffupn's Book Shoppe.
  3277 | D:4      | HP: 1/43 [orc priest/divine providence (8)]
  3279 | D:4      | The Shining One protects you from harm!
  3280 | D:4      | The Shining One protects you from harm!
  3858 | D:4      | Slain by an ogre

Levels and vault maps discovered:
D:1:      dpeg_arrival_chase, layout_rooms
D:2:      layout_loops_ring, kennysheep_ying_yang,
          nicolae_overflow_hidden_temple,
          nicolae_gozag_cash_rules_everything_around_me
D:3:      layout_rooms, lemuel_crystal_altar, lightli_temple_of_fire,
          minmay_diced_spiral
D:4:      layout_gridville, nicolae_overflow_crystal_walls, led_xom_imps,
          minmay_a_box_with_orc_wizards_in_it, uniq_sigmund
D:5:      layout_layer_cave, serial_shops, nicolae_shop_trees, shop, shop,
          first_ration, uniq_crazy_yiuf_cottage, uniq_pikel
